 Dungeon Crawl Stone Soup version 0.26-a0-1205-g4083c211ab (webtiles) character file.

Game seed: 16657168381198388454

61 raceaflais the Grave Robber (level 4, -1/30 HPs)
             Began as a Human Necromancer on Dec 29, 2020.
             Slain by a hound (6 damage)
             ... on level 4 of the Dungeon.
             The game lasted 00:15:00 (4256 turns).

raceaflais the Grave Robber (Human Necromancer)     Turns: 4256, Time: 00:15:01

Health: -1/30      AC:  3    Str:  8    XL:     4   Next: 27%
Magic:  5/7        EV: 12    Int: 17    God:
Gold:   86         SH:  0    Dex: 13    Spells: 6/7 levels left

rFire    + . .     SeeInvis .   p - +0 rapier
rCold    . . .     Faith    .   (no shield)
rNeg     . . .     Spirit   .   a - +0 robe
rPois    .         Reflect  .   (no helmet)
rElec    .         Harm     .   (no cloak)
rCorr    .         Rampage  .   (no gloves)
Will     .....                  g - +0 pair of boots
Stlth    ++........             (no amulet)
HPRegen  0.10/turn              v - ring of wizardry
MPRegen  0.10/turn              (no ring)

@: no status effects
A: fire resistance 1
a: no special abilities


You were on level 4 of the Dungeon.
You visited 1 branch of the dungeon, and saw 5 of its levels.

You collected 86 gold pieces.

Inventory:

Hand Weapons
 b - a +0 mace
 c - a +0 short sword
 d - a +0 hunting sling
 h - a +0 hand axe
 o - a +0 war axe
 p - a +0 rapier (weapon)
Missiles
 i - 135 stones
 k - 78 bolts
 l - 4 poisoned darts (quivered)
Armour
 a - a +0 robe (worn)
 f - a +0 leather armour
 g - a +0 pair of boots (worn)
 q - a +0 leather armour
Jewellery
 v - a ring of wizardry (left hand)
Scrolls
 e - 5 scrolls of noise
 j - 2 scrolls of teleportation
 m - a scroll of fear
Potions
 n - a potion of haste
 r - 2 potions of degeneration {unknown}
 s - a potion of cancellation {unknown}
 t - a potion of might {unknown}


   Skills:
 + Level 0.1 Fighting
 + Level 0.2 Maces & Flails
 + Level 2.1 Dodging
 + Level 2.2 Stealth
 + Level 2.3 Spellcasting
 + Level 5.0 Necromancy


You had 6 spell levels left.
You knew the following spells:

 Your Spells              Type           Power        Failure   Level
a - Pain                  Necr           76%          1%          1

Your spell library contained the following spells:

 Spells                   Type           Power        Failure   Level
 Animate Skeleton         Necr           38%          1%          1
 Vampiric Draining        Necr           9%           2%          3
 Apportation              Tloc           4%           8%          1
 Corona                   Hex            2%           8%          1
 Summon Small Mammal      Summ           8%           8%          1
 Animate Dead             Necr           9%           10%         4
 Agony                    Necr           19%          26%         5


Dungeon Overview and Level Annotations

Branches:
Dungeon (5/15)
 Temple: D:4-7

Altars:
Cheibriados
Fedhas


Innate Abilities, Weirdness & Mutations

Your flesh is heat resistant. (rF+)


Message History

The hound bites you.
You barely miss the hound. The hound barely misses you.
Casting: Pain (safe; 1% risk of failure)
Confirm with . or Enter, or press ? or * to list all spells.
Aiming: Pain (safe; 1% risk of failure)
Press: ? - help, Shift-Dir - straight line, f - hound, p - phantom
Aim: a hound (chance to affect: 84%)
The hound writhes in agony.
The hound bites you but does no damage. The hound barely misses you.
Casting: Pain (safe; 1% risk of failure)
Confirm with . or Enter, or press ? or * to list all spells.
Aiming: Pain (safe; 1% risk of failure)
Press: ? - help, Shift-Dir - straight line, f/p - hound
Aim: a hound (lightly wounded, chance to affect: 84%)
The hound writhes in agony.
The hound closely misses you. The phantom hits you.
* * * LOW HITPOINT WARNING * * *
You hit the hound but do no damage.
The hound is lightly wounded.
The hound bites you.
You die...

# # #.. .# # #.# .# ##
#.. .# +# .## #.# .# ...
#.## #.### .# .... ##.##
#.#.####.#...?.
##.######..............
##.............h@W......
#.########....####......
.## #.#.## ..... ##
#.### .... # #.# ... #.#
+# ### #.# ..# #.# #.#


You could see a phantom and a hound.

Vanquished Creatures
  3 worms
  2 dart slugs (D:2)
  3 leopard geckos
  An orc (D:3)
  3 ball pythons
  6 bats
  2 giant cockroaches
  2 goblins
  10 hobgoblins
  5 kobolds
  6 rats
43 creatures vanquished.

Notes
Turn   | Place    | Note
-------+----------+-------------------------------------------
     0 | D:1      | raceaflais the Human Necromancer began the quest for the
                  | Orb.
     0 | D:1      | Reached XP level 1. HP: 13/13 MP: 3/3
   541 | D:1      | Reached XP level 2. HP: 11/19 MP: 5/5
  1201 | D:2      | Reached XP level 3. HP: 21/24 MP: 3/6
  1580 | D:2      | Gained mutation: You have a pair of small horns on your
                  | head. [potion of mutation]
  1580 | D:2      | Gained mutation: You passively map a small area around you.
                  | [potion of mutation]
  1599 | D:2      | Found a snail-covered altar of Cheibriados.
  2482 | D:3      | Lost mutation: You have a pair of small horns on your head.
                  | [potion of mutation]
  2482 | D:3      | Lost mutation: You passively map a small area around you.
                  | [potion of mutation]
  2482 | D:3      | Gained mutation: You have sharp toenails. [potion of
                  | mutation]
  2482 | D:3      | Lost mutation: You have sharp toenails. [potion of
                  | mutation]
  2482 | D:3      | Gained mutation: Your flesh is heat resistant. (rF+)
                  | [potion of mutation]
  2873 | D:3      | Reached XP level 4. HP: 28/30 MP: 4/7
  3292 | D:3      | Reached skill level 5 in Necromancy
  3856 | D:4      | Noticed a phantom
  3904 | D:5      | Entered Level 5 of the Dungeon
  4195 | D:4      | Found a blossoming altar of Fedhas.
  4256 | D:4      | Slain by a hound

Illustrated notes

Levels and vault maps discovered:
D:1:      matt_arrival_diagonals, layout_rooms, minivault_11
D:2:      layout_loops_ring, kennysheep_slug_shrine
D:3:      layout_rooms
D:4:      layout_loops_corners, lemuel_coloured_pillars_altar,
          kennysheep_little_box, uniq_menkaure
D:5:      layout_basic, basic_altar, uniq_prince_ribbit1

Skill      XL: |  1  2  3  4 |
---------------+-------------+-----
Necromancy     | 5 |  5.0
Fighting       | |  0.1
Maces & Flails | |  0.2
Dodging        | |  2.1
Stealth        | |  2.2
Spellcasting   | |  2.3

Action                   |  1- 3 |  4- 6 || total
-------------------------+-------+-------++-------
Melee: Mace              |    38 |       ||    38
       Rapier            |       |    12 ||    12
Throw: Dart              |       |     3 ||     3
 Cast: Pain              |    65 |    21 ||    86
  Use: Scroll            |     8 |     1 ||     9
       Potion            |     7 |     1 ||     8
Armor: Robe              |     8 |     9 ||    17
Dodge: Dodged            |    28 |    20 ||    48

Table legend: (Time is in decaauts)
 A = Elapsed time spent in this place.
 B = Non-inter-level travel time spent in this place.
 C = Inter-level travel time spent in this place.
 D = Time resting spent in this place.
 E = Time spent auto-exploring this place.
 F = Levels seen in this place.
 G = Mean time per level.
                   A        B        C        D        E       F      G
               +--------+--------+--------+--------+--------+-----+--------+
         Total |   4254 |   3722 |    532 |   2186 |   1111 |   5 |  850.8 |
       Dungeon |   4254 |   3722 |    532 |   2186 |   1111 |   5 |  850.8 |
               +--------+--------+--------+--------+--------+-----+--------+

Top non-repeatable levels by time:
     D:3: 1705 daAuts
     D:1: 1203 daAuts
     D:2: 899 daAuts
     D:4: 332 daAuts
     D:5: 114 daAuts
